 Dungeon Crawl Stone Soup version 0.15-a0-1345-gc375f20 (console) character file.

562 Gargoyle the Grappler (level 7, -2/57 HPs)
             Began as a Minotaur Monk on June 8, 2014.
             Killed from afar by an orc wizard (6 damage)
             ... with a magic dart
             ... on Level 4 of the Dungeon.
             The game lasted 00:07:31 (1225 turns).

Gargoyle the Grappler (Minotaur Monk)               Turns: 1225, Time: 00:07:31

HP  -2/57        AC  7     Str 15      XL: 7   Next: 10%
MP   3/3         EV 15     Int  9      God:
Gold 122         SH  0     Dex 15      Spells:  0 memorised,  6 levels left

rFire  + . .     SeeInvis .     v - -1,+1 hammer of Dim Light {drain, rF+ Dex+2}
rCold  . . .     Clarity  .     p - +2 robe
rNeg   . . .     rCorr    .     (no shield)
rPois  .         rRot     .     (helmet restricted)
rElec  .         Spirit   .     u - +0 cloak
SustAb .         Warding  .     g - +1 pair of gloves
rMut   .         Stasis   .     (no boots)
Gourm  .                        n - amulet of faith
MR     .....                    (no ring)
                                k - cursed ring of loudness

@: not resistant to hostile enchantments, very unstealthy
A: retaliatory headbutt, horns 2
a: no special abilities


You were on level 4 of the Dungeon.
You were hungry.

You visited 1 branch of the dungeon, and saw 5 of its levels.

You collected 122 gold pieces.

Inventory:

Hand weapons
 m - a +0 blowgun
 t - a +1,+1 hammer of protection
 v - the cursed -1,+1 hammer of Dim Light (weapon) {drain, rF+ Dex+2}
   (You found it on level 5 of the Dungeon)

   A truly terrible weapon, it drains the life of those it strikes.
   It affects your dexterity (+2).
   It protects you from fire.
   It has a curse placed upon it.
 w - a +2,+1 hammer of protection
 x - a +2,+0 hammer of crushing
Missiles
 a - a throwing net
 d - 8 javelins (quivered)
Armour
 f - a +0 chain mail
 g - a +1 pair of gloves (worn)
 j - a +0 plate armour
 p - a +2 robe (worn)
 q - a +0 chain mail
 u - a +0 cloak (worn)
Magical devices
 o - a wand of confusion (16)
Comestibles
 b - 4 bread rations
 c - a beef jerky
 z - 2 rotting chunks of worker ant flesh
Scrolls
 e - a scroll of immolation
 h - 2 scrolls of amnesia
 r - 2 scrolls of teleportation
Jewellery
 k - a cursed ring of loudness (left hand)
 n - an amulet of faith (around neck)


   Skills:
 - Level 3.6 Fighting
 + Level 5.4 Dodging
 - Level 1.5 Stealth
 + Level 8.3 Unarmed Combat


You had 6 spell levels left.
You didn't know any spells.

Dungeon Overview and Level Annotations

Branches:
Dungeon (5/15)
 Temple: D:4-7

Altars:
Elyvilon

Annotations:
D:4 Somebody's ghost, experienced GrTm


Innate Abilities, Weirdness & Mutations

You reflexively headbutt those who attack you in melee.
You have a pair of horns on your head.


Message History

You smell something rotten. (slot z)
There is a stone staircase leading down here.
The orc priest closely misses you.
The orc wizard gestures wildly while chanting.
The orc wizard seems to speed up.
The orc closely misses you.
The orc wizard's eyes start to glow.
You barely miss the orc. The orc barely misses you.
The orc priest completely misses you. You furiously retaliate!
You headbutt the orc priest. You barely miss the orc priest.
You headbutt the orc priest.
The orc priest is severely wounded.
The orc wizard casts a spell at you. The puff of frost hits you!
* * * LOW HITPOINT WARNING * * *
The orc barely misses you. You furiously retaliate!
You headbutt the orc, but do no damage. The orc priest barely misses you.
The orc wizard gestures at you while chanting.
The magic dart hits you!
You die...

....................
....................#
....................#
....................#
....................#
..#.................#
.###................#
..#.............Wo..#
................@o..#
................oo..#
(.................>.#
....................#
...................##
..................##
.................##
.....(..........##
..........>....##


You could see an orc priest, an orc wizard, Somebody's ghost and 2 orcs.

Vanquished Creatures
  2 phantoms
  An ice beast (D:5)
  Crazy Yiuf (D:5)
  An orc priest (D:4)
  An orc wizard (D:4)
  2 worker ants
  Jessica (D:3)
  2 adders (D:3)
  6 gnolls
  A giant mite (D:3)
  2 worms
  6 orcs
  A ball python (D:2)
  3 goblins
  7 hobgoblins
  3 jackals (D:4)
  8 kobolds
  2 quokkas
  4 bats
  2 giant cockroaches (D:3)
  3 giant newts
  A giant newt skeleton (D:5)
  An orc skeleton (D:3)
  7 rats
68 creatures vanquished.

Notes
Turn   | Place    | Note
--------------------------------------------------------------
     0 | D:1      | Gargoyle, the Minotaur Monk, began the quest for the Orb.
     0 | D:1      | Reached XP level 1. HP: 19/19 MP: 1/1
   121 | D:2      | Reached XP level 2. HP: 15/26 MP: 1/1
   146 | D:1      | Reached skill level 5 in Unarmed Combat
   505 | D:3      | Noticed Jessica
   510 | D:3      | Reached XP level 3. HP: 31/31 MP: 2/2
   518 | D:3      | Killed Jessica
   521 | D:3      | Reached skill level 6 in Unarmed Combat
   670 | D:4      | Noticed a phantom
   670 | D:4      | Noticed a phantom
   676 | D:3      | Reached XP level 4. HP: 30/39 MP: 2/2
   692 | D:3      | Killed a phantom
   692 | D:3      | Reached skill level 7 in Unarmed Combat
   692 | D:3      | Reached XP level 5. HP: 24/45 MP: 2/2
   755 | D:4      | Killed a phantom
   755 | D:4      | Reached XP level 6. HP: 24/51 MP: 3/3
   787 | D:4      | Found a white marble altar of Elyvilon.
   965 | D:5      | Entered Level 5 of the Dungeon
   970 | D:5      | Noticed Crazy Yiuf
   977 | D:5      | Killed Crazy Yiuf
   988 | D:5      | Got a warped hammer
  1008 | D:5      | Reached skill level 8 in Unarmed Combat
  1022 | D:5      | Reached skill level 5 in Dodging
  1067 | D:5      | Identified the cursed -1,+1 hammer of Dim Light {drain, rF+ Dex+2} (You found it on level 5 of the Dungeon)
  1098 | D:4      | Reached XP level 7. HP: 12/57 MP: 3/3
  1211 | D:4      | Noticed Somebody's ghost (experienced GrTm)
  1225 | D:4      | Killed from afar by an orc wizard

Action                   |  1- 3 |  4- 6 |  7- 9 || total
-------------------------+-------+-------+-------++-------
Melee: Unarmed           |    73 |    85 |       ||   158
       Hammer            |       |    11 |    17 ||    28
Throw: Javelin           |       |    12 |       ||    12
Evoke: Wand              |       |     1 |       ||     1
  Use: Scroll            |     3 |     7 |       ||    10
       Potion            |       |     2 |     1 ||     3
